 Dungeon Crawl Stone Soup version 0.21.1-1-g345015f (webtiles) character file.

2511 inc the Blocker (level 9, -2/58 HPs)
             Began as an Octopode Fighter on June 13, 2018.
             Was a Follower of Okawaru.
             Killed by divine providence
             ... invoked by an orc priest
              (14 damage)
             ... on level 7 of the Dungeon.
             The game lasted 00:15:39 (7845 turns).

inc the Blocker (Octopode Fighter)                  Turns: 7845, Time: 00:15:40

Health: -2/58      AC:  1    Str: 15    XL:     9   Next: 53%
Magic:  18/19      EV: 18    Int: 12    God:    Okawaru [*.....]
Gold:   278        SH: 18    Dex: 13    Spells: 8/8 levels left

rFire    . . .     SeeInvis .     - Unarmed
rCold    . . .     Gourm    .   a - +0 shield
rNeg     . . .     Faith    .   (helmet restricted)
rPois    .         Spirit   .   k - +5 amulet of reflection
rElec    .         Reflect  +   d - ring of magical power
rCorr    .         Harm     .   h - ring of wizardry
MR       .....                  (no ring)
Stlth    ++++......             (no ring)
HPRegen  0.19/turn              (no ring)
MPRegen  0.16/turn              (no ring)
                                (no ring)
                                (no ring)

@: heroism
A: almost no armour, stealthy swim, amphibious, 8 rings, constrict 8, camouflage
1, gelatinous body 1
a: Heroism, Renounce Religion


You were on level 7 of the Dungeon.
You worshipped Okawaru.
Okawaru was aware of your devotion.
You were not hungry.

You visited 2 branches of the dungeon, and saw 8 of its levels.
You also visited: Sewer.

You collected 278 gold pieces.

Inventory:

Armour
 a - a +0 shield (worn)
Jewellery
 d - a ring of magical power (left tentacle)
 h - a ring of wizardry (right tentacle)
 k - a +5 amulet of reflection (around mantle)
 x - an uncursed ring of ice
 y - an uncursed ring of ice
 C - an uncursed amulet of faith {unknown}
Wands
 v - a wand of random effects (34)
 B - a wand of iceblast (11)
 D - a wand of clouds (4)
 E - a wand of enslavement (13)
Scrolls
 e - 2 scrolls of identify
 g - 3 scrolls of enchant armour {unknown}
 i - 3 scrolls of teleportation
 j - 3 scrolls of random uselessness
 l - 4 scrolls of remove curse
 q - 2 scrolls of amnesia {unknown}
 r - 3 scrolls of fog
 t - 2 scrolls of immolation {unknown}
 u - a scroll of enchant weapon {unknown}
 w - a scroll of blinking {unknown}
Potions
 b - a potion of might
 f - a potion of agility {unknown}
 m - 6 potions of curing
 n - 2 potions of flight
 o - 2 potions of cancellation
 p - 2 potions of degeneration
 s - a potion of heal wounds
 z - 2 potions of mutation {unknown}
 A - a potion of magic {unknown}
 F - a potion of resistance {unknown}
Comestibles
 c - 12 rations
 G - 3 chunks of flesh


   Skills:
 + Level 3.9(8.9) Fighting
 + Level 3.9(8.9) Dodging
 - Level 10.1(15.1) Shields
 - Level 7.0(12.0) Unarmed Combat
 + Level 2.4 Invocations


You had 8 spell levels left.
You didn't know any spells.

Dungeon Overview and Level Annotations

Branches:
Dungeon (7/15)             Temple (1/1) D:6

Altars:
Ashenzari
Cheibriados
Dithmenos
Elyvilon
Fedhas
Gozag
Hepliaklqana
Kikubaaqudgha
Makhleb
Nemelex Xobeh
Okawaru
Qazlal
Ru
Sif Muna
Uskayaw
Vehumet
Wu Jian
Xom
Yredelemnul
Zin
The Shining One

Shops:
D:4 (

Annotations:
D:5 WinstonMain's ghost, amateur DsAK
D:7 Joseph


Innate Abilities, Weirdness & Mutations

You cannot wear most types of armour.
You are very stealthy in the water. (Stealth+)
You are amphibious.
You can wear up to eight rings at the same time.
You can use your tentacles to constrict eight enemies at once.
Your skin changes colour to match your surroundings (Stealth+).
Your rubbery body absorbs attacks. (AC +1, EV +1)


Message History

You tentacle-slap Joseph but do no damage.
Joseph is moderately wounded.
You constrict Joseph. You tentacle-slap Joseph.
Joseph is heavily wounded.
You constrict Joseph, but do no damage.
Joseph hits you with an uncursed quarterstaff of protection!!
You tentacle-slap Joseph but do no damage.
You tentacle-slap Joseph, but do no damage.
You squeeze Joseph!
Joseph is severely wounded.
You constrict Joseph.
Joseph hits you with an uncursed quarterstaff of protection!!
* * * LOW HITPOINT WARNING * * *
You tentacle-slap Joseph. You squeeze Joseph.
Joseph is almost dead.
You constrict Joseph.
The orc priest mumbles some strange prayers to Beogh against you.
Beogh smites you!
You die...

#.#
#.<.....#
#.# #..#
#.#
#.......#
#.# #..#
#.#
#.####'##
#.# #..#
#.# #. #))#
#.# #..#
#.# #.
##.###.#
#..#
####.###.#
#..##.#
#..#
...(.....#
##.##
####.#####
#.)# #.#
##@# #.#
#@# #..
......ho..#
#(.
.......#..#
#...
....... .>#
... .......
### .......
.....([
.......


You could see Joseph, a black bear and an orc priest.

Vanquished Creatures
  Sigmund (D:5)
  A water moccasin (D:7)
  A sky beast (D:6)
  Purgy (Sewer)
  An orc warrior (D:6)
  An ogre (D:5)
  2 centaurs
  5 bullfrogs
  2 scorpions
  A killer bee (D:7)
  2 howler monkeys
  A centaur zombie (D:6)
  2 crimson imps
  3 orc priests
  4 hounds
  A jelly (D:5)
  6 orc wizards
  Jessica (D:3)
  Terence (D:2)
  3 bullfrog skeletons
  7 worker ants
  A hound skeleton (D:5)
  6 gnolls
  11 adders
  7 river rats (D:4)
  2 shadow imps (D:6)
  3 oozes (D:2)
  An adder skeleton (D:4)
  4 worms
  2 dart slugs
  8 leopard geckos
  21 orcs
  7 ball pythons
  5 giant cockroaches
  10 goblins
  8 hobgoblins
  8 jackals
  2 quokkas
  5 bats
  3 frilled lizards
  7 kobolds
  A leopard gecko zombie (D:7)
  5 rats
174 creatures vanquished.

Notes
Turn   | Place    | Note
-------+----------+-------------------------------------------
     0 | D:1      | inc the Octopode Fighter began the quest for the Orb.
     0 | D:1      | Reached XP level 1. HP: 16/16 MP: 1/1
   179 | D:1      | Reached XP level 2. HP: 19/21 MP: 2/2
   399 | D:1      | Reached XP level 3. HP: 24/26 MP: 2/3
   669 | D:1      | Reached skill level 4 in Shields
   954 | D:2      | Found a shattered altar of Ashenzari.
  1003 | D:2      | Reached XP level 4. HP: 27/31 MP: 4/4
  1661 | D:2      | Reached XP level 5. HP: 36/36 MP: 5/5
  1706 | D:2      | Noticed Terence
  1719 | D:2      | Killed Terence
  1719 | D:2      | Reached skill level 5 in Shields
  2200 | D:3      | Found a hide-covered altar of Uskayaw.
  2201 | D:3      | Noticed a hand axe
  2201 | D:3      | Noticed a hand axe
  2251 | D:3      | Noticed Jessica
  2258 | D:3      | Killed Jessica
  2644 | D:3      | Found a shimmering altar of Xom.
  2862 | D:3      | Found a faded altar of an unknown god.
  3110 | D:4      | Reached XP level 6. HP: 42/42 MP: 6/6
  3221 | D:4      | Reached skill level 6 in Shields
  3545 | D:4      | Reached XP level 7. HP: 42/46 MP: 7/7
  3680 | D:4      | Found Sutram's Weapon Shoppe.
  3681 | D:4      | Found an opulent altar of Gozag.
  3840 | D:4      | Found a glowing drain.
  3845 | Sewer    | Entered a sewer
  4040 | Sewer    | Noticed Purgy
  4386 | Sewer    | Killed Purgy
  4386 | Sewer    | Reached skill level 7 in Shields
  4547 | D:4      | Reached skill level 5 in Unarmed Combat
  4736 | D:5      | Entered Level 5 of the Dungeon
  4809 | D:5      | Noticed Sigmund
  4858 | D:5      | Noticed WinstonMain's ghost (amateur DsAK)
  5179 | D:5      | HP: 2/46 [something/puff of flame (12)]
  5182 | D:5      | Reached XP level 8. HP: 26/52 MP: 8/8
  5192 | D:5      | Killed Sigmund
  5192 | D:5      | Reached skill level 8 in Shields
  5907 | D:6      | Found a staircase to the Ecumenical Temple.
  5923 | Temple   | Entered the Ecumenical Temple
  5974 | Temple   | Became a worshipper of Warmaster Okawaru
  6027 | D:6      | Reached skill level 9 in Shields
  6453 | D:6      | Reached XP level 9. HP: 46/56 MP: 9/9
  6583 | D:6      | Found an ornate altar of the Wu Jian Council.
  6689 | D:6      | Found an ancient bone altar of Kikubaaqudgha.
  6734 | D:6      | Found a shadowy altar of Dithmenos.
  6785 | D:6      | Reached skill level 10 in Shields
  6976 | D:6      | Found a sparkling altar of Nemelex Xobeh.
  7186 | D:7      | Reached * piety under Okawaru
  7206 | D:7      | Noticed Joseph
  7280 | D:7      | Found a hazy altar of Hepliaklqana.
  7289 | D:7      | Found a basalt altar of Yredelemnul.
  7451 | D:7      | Reached skill level 1 in Invocations
  7845 | D:7      | Killed from afar by an orc priest

Skill      XL: |  1  2  3  4  5  6  7  8  9 |
---------------+----------------------------+-----
Shields        | 4 5 6 7 9 10 | 10.1
Unarmed Combat | 3 4 5 6 7 |  7.0
Invocations    | 2 |  2.4
Fighting       | |  3.9
Dodging        | |  3.9

Action                   |  1- 3 |  4- 6 |  7- 9 || total
-------------------------+-------+-------+-------++-------
Melee: Unarmed           |    71 |   152 |   317 ||   540
       Constrict         |    21 |    44 |    64 ||   129
       Tentacles         |    14 |    25 |    78 ||   117
       Punch             |     1 |     6 |    15 ||    22
Invok: Heroism           |       |       |     1 ||     1
  Use: Scroll            |       |       |     9 ||     9
       Potion            |       |       |     8 ||     8
 Stab: Sleeping          |     5 |    13 |    10 ||    28
  Eat: Chunk             |       |     8 |    11 ||    19
       Ration            |       |       |     1 ||     1
Armor: Skin              |     2 |     4 |     6 ||    12
Dodge: Dodged            |    21 |    25 |   102 ||   148
Block: Shield            |    31 |    97 |   220 ||   348
       Reflection        |       |       |     6 ||     6
